[Event "Titled Tuesday Blitz July 11 Early 2023"]
[White "Zakhartsov, Vladimir"]
[Black "Chen, Max"]
[WhiteFideId "4145097"]
[BlackFideId "2622440"]
[WhiteElo "2912"]
[BlackElo "2500"]
[Result "1/2-1/2"]
[Round "1"]
[TimeControl "180+2"]
[Date "2023.07.11"]
[WhiteClock "0:00:11"]
[BlackClock "0:00:12"]
[Board "24"]

1. d4 Nf6 2. c4 b6 3. Nc3 Bb7 4. d5 e6 5. a3 g6 6. g3 Bg7 7. Bg2 O-O 8. Nf3 d6 9. dxe6 fxe6 10. O-O Qe7 11. Re1 Nbd7 12. Qc2 a5 13. b3 Nc5 14. Bb2 e5 15. b4 axb4 16. axb4 Na6 17. Qb3 Kh8 18. Nd2 Bxg2 19. Kxg2 d5 20. Nxd5 Nxd5 21. cxd5 Qxb4 22. Qc2 Qc5 23. Qxc5 Nxc5 24. Nc4 e4 25. Bxg7+ Kxg7 26. Rac1 Rfd8 27. d6 cxd6 28. Nxb6 Ra2 29. Nd5 Rb8 30. Nc3 Rd2 31. Red1 Rbb2 32. Rxd2 Rxd2 33. Kf1 Kf6 34. Ke1 Rb2 35. Nd5+ Ke5 36. Ne3 Ra2 37. Rd1 Ke6 38. h4 Nd7 39. Nd5 Ra5 40. Nf4+ Ke5 41. Rb1 e3 42. fxe3 Nf6 43. Nd3+ Ke4 44. Rb3 Kxe3 45. Nf4+ Ke4 46. Rb7 Ra1+ 47. Kd2 Ra2+ 48. Kd1 Ra1+ 49. Kc2 Ra3 50. Rf7 Nd5 51. Nd3 Ra2+ 52. Kb3 Rxe2 53. Nb2 Re3+ 54. Kc2 Rxg3 55. Rxh7 Ne3+ 56. Kd2 Rg2+ 57. Kc3 Nd5+ 58. Kb3 Rg4 59. Nc4 Rg3+ 60. Kb2 Kd4 61. Nxd6 Ne3 62. Rg7 Nc4+ 63. Nxc4 Kxc4 64. h5 Rg2+ 65. Kc1 Kc3 66. Rxg6 Rh2 67. Rc6+ Kd3 68. h6 Ke4 69. Kd1 Kf5 70. Ke1 Kg5 71. Kf1 Rxh6 72. Rc5+ Kh4 73. Kg2 Rf6 74. Rc4+ Kg5 75. Kg3 Rf5 76. Rg4+ Kf6 77. Ra4 Kg5 78. Rg4+ Kf6 79. Ra4 Kg5 80. Ra8 Rb5 81. Rg8+ Kf5 82. Rf8+ Kg5 83. Rg8+ Kf5 84. Kh4 Rb4+ 85. Kh5 Rb1 86. Rf8+ Ke6 87. Rf3 Rh1+ 88. Kg4 Rg1+ 89. Kf4 Re1 90. Kg3 Rg1+ 91. Kf2 Rg5 92. Re3+ Re5 93. Kf3 Rxe3+ 94. Kxe3 1/2-1/2


[Site "https://www.chess.com"]

[Event "Titled Tuesday Blitz July 11 Early 2023"]
[White "Keleberda, Tymur"]
[Black "Gordievsky, Dmitry"]
[WhiteFideId "14174294"]
[BlackFideId "24112798"]
[WhiteElo "2498"]
[BlackElo "2909"]
[Result "0-1"]
[Round "1"]
[TimeControl "180+2"]
[Date "2023.07.11"]
[WhiteClock "0:00:18"]
[BlackClock "0:00:13"]
[Board "25"]

1. e4 c5 2. Nf3 e6 3. c4 Nc6 4. b3 Nf6 5. e5 Ng4 6. Bb2 Nh6 7. Bd3 d6 8. exd6 Bxd6 9. Bxg7 Rg8 10. Bxh6 Qf6 11. Nc3 Qxh6 12. g3 f5 13. Qe2 Qf6 14. O-O-O Bd7 15. Kb1 O-O-O 16. Bc2 e5 17. Nd5 Qf7 18. Qe3 e4 19. Nh4 Nd4 20. f4 Be6 21. Nc3 Rge8 22. d3 exd3 23. Qxd3 Be7 24. Qe3 Bxh4 25. gxh4 Bd5 26. Nxd5 Rxe3 27. Nxe3 Re8 28. Nd5 Qh5 29. Bd3 Qxh4 30. Rhg1 a5 31. Rg7 a4 32. Nb6+ Kb8 33. Nd7+ Ka8 34. Nxc5 Re1 35. Rxe1 Qxe1+ 36. Kb2 Qb4 37. Nxa4 Qd2+ 38. Ka3 Qxd3 39. Rxb7 Nc2+ 40. Kb2 Qd4+ 41. Kxc2 Kxb7 42. c5 Qxf4 43. Nc3 Qxh2+ 44. Kd3 f4 45. b4 f3 46. b5 f2 47. Ke2 Qg1 48. c6+ Kc8 49. Nd5 f1=Q+ 50. Kd2 Qxb5 51. Kc3 Qxd5 52. c7 Qgd4+ 53. Kc2 Qxa2+ 54. Kc1 Qdd2# 0-1


[Site "https://www.chess.com"]

[Event "Titled Tuesday Blitz July 11 Early 2023"]
[White "Antipov, Mikhail Al."]
[Black "Ljukin, Sergei"]
[WhiteFideId "4107012"]
[BlackFideId "14102200"]
[WhiteElo "2906"]
[BlackElo "2497"]
[Result "0-1"]
[Round "1"]
[TimeControl "180+2"]
[Date "2023.07.11"]
[WhiteClock "0:00:14"]
[BlackClock "0:00:12"]
[Board "26"]

1. e4 e6 2. d4 d5 3. Nd2 Nf6 4. e5 Nfd7 5. Bd3 c5 6. c3 Nc6 7. Ngf3 Qb6 8. O-O Be7 9. dxc5 Nxc5 10. Bc2 f6 11. exf6 Bxf6 12. Nb3 Nxb3 13. axb3 O-O 14. Qd3 g6 15. Bh6 Re8 16. h4 Qd8 17. h5 e5 18. Nd2 Bf5 19. Qb5 Bxc2 20. hxg6 Bxg6 21. Qxb7 Qb6 22. Qd7 Rad8 23. Qh3 e4 24. b4 Ne5 25. Be3 Qe6 26. Qxe6+ Rxe6 27. Rxa7 Nd3 28. Nb3 Re7 29. Ra6 Bg7 30. Bg5 Rde8 31. Bxe7 Rxe7 32. Rd1 Be5 33. b5 Bf4 34. b6 e3 35. fxe3 Bxe3+ 36. Kh2 Bf4+ 37. g3 Re2+ 38. Kh3 Bf5+ 39. Kh4 Rh2# 0-1


[Site "https://www.chess.com"]

[Event "Titled Tuesday Blitz July 11 Early 2023"]
[White "Kleiman, Jake"]
[Black "Tang, Andrew"]
[WhiteFideId "2020041"]
[BlackFideId "2059630"]
[WhiteElo "2492"]
[BlackElo "2906"]
[Result "0-1"]
[Round "1"]
[TimeControl "180+2"]
[Date "2023.07.11"]
[WhiteClock "0:00:10"]
[BlackClock "0:00:12"]
[Board "27"]

1. e4 e5 2. Nf3 Nc6 3. Bc4 Bc5 4. c3 Nf6 5. d3 a6 6. Bb3 Ba7 7. Nbd2 O-O 8. O-O d6 9. h3 h6 10. Re1 Nh5 11. Nf1 Qf6 12. Ne3 Nf4 13. Nd5 Nxd5 14. Bxd5 Ne7 15. Bb3 Ng6 16. d4 Nf4 17. Be3 g5 18. Nh2 Qg6 19. Kh1 h5 20. Qd2 Kg7 21. Rad1 f6 22. f3 Bd7 23. a4 Kh7 24. a5 Rae8 25. Ba2 Re7 26. b4 Rg7 27. Bc4 Bb8 28. Rg1 c6 29. d5 cxd5 30. Bxd5 Nxd5 31. Qxd5 Bc6 32. Qd3 f5 33. exf5 Rxf5 34. c4 Rf6 35. Qxg6+ Kxg6 36. Rgf1 Rgf7 37. Kg1 Bc7 38. Rf2 Ba4 39. Rb1 Bd8 40. Rd2 Rd7 41. Nf1 Rf8 42. Ng3 Be7 43. Ne4 Rc8 44. Nc3 Bc6 45. b5 axb5 46. Nxb5 Kf5 47. Rbd1 Ke6 48. Bb6 Bxb5 49. cxb5 d5 50. Re1 Bb4 51. Rde2 Bxe1 52. Rxe1 d4 53. Kf2 Rc2+ 54. Kf1 d3 55. Rd1 Kf5 56. Be3 g4 57. Bd2 e4 58. fxe4+ Kxe4 59. Ke1 gxh3 60. gxh3 Rg7 61. Kf2 Rf7+ 62. Kg2 Kd4 63. a6 bxa6 64. bxa6 Ra7 0-1


[Site "https://www.chess.com"]

[Event "Titled Tuesday Blitz July 11 Early 2023"]
[White "Gholami Orimi, Mahdi"]
[Black "Postlmayer, Jakob"]
[WhiteFideId "12558486"]
[BlackFideId "1643622"]
[WhiteElo "2904"]
[BlackElo "2490"]
[Result "1-0"]
[Round "1"]
[TimeControl "180+2"]
[Date "2023.07.11"]
[WhiteClock "0:02:17"]
[BlackClock "0:01:25"]
[Board "28"]

1. Nf3 d5 2. b3 Nf6 3. Bb2 Bf5 4. c4 e6 5. cxd5 exd5 6. d3 Be7 7. Nbd2 O-O 8. g3 h6 9. Bg2 Re8 10. O-O Bh7 11. Re1 c5 12. a3 Nc6 13. Qc2 Rc8 14. e4 dxe4 15. dxe4 Bf8 16. Rad1 Qe7 17. Qc1 Rcd8 18. e5 Nd5 19. Nc4 Qc7 20. Qa1 b5 21. Nd6 Re6 22. Rxd5 1-0


[Site "https://www.chess.com"]

[Event "Titled Tuesday Blitz July 11 Early 2023"]
[White "Matyukov, Petr"]
[Black "Zhigalko, Sergei"]
[WhiteFideId "4103688"]
[BlackFideId "13502956"]
[WhiteElo "2489"]
[BlackElo "2889"]
[Result "0-1"]
[Round "1"]
[TimeControl "180+2"]
[Date "2023.07.11"]
[WhiteClock "0:00:15"]
[BlackClock "0:00:47"]
[Board "29"]

1. d4 Nf6 2. c4 e6 3. Nc3 Bb4 4. e3 O-O 5. Ne2 d5 6. a3 Be7 7. cxd5 exd5 8. b4 Re8 9. Ng3 Nbd7 10. Bd3 Nb6 11. O-O g6 12. f3 Bf8 13. Re1 a5 14. b5 Bg7 15. Kh1 h5 16. Qc2 h4 17. Nge2 Be6 18. e4 dxe4 19. fxe4 Ng4 20. e5 Nf2+ 21. Kg1 Nxd3 22. Qxd3 Bxe5 23. Ne4 Bf5 24. Bb2 Bxe4 25. Qxe4 Bxh2+ 0-1


[Site "https://www.chess.com"]

[Event "Titled Tuesday Blitz July 11 Early 2023"]
[White "Mitrabha, Guha"]
[Black "Kovacsy, Barnabas"]
[WhiteFideId "5057000"]
[BlackFideId "769290"]
[WhiteElo "2884"]
[BlackElo "2489"]
[Result "1-0"]
[Round "1"]
[TimeControl "180+2"]
[Date "2023.07.11"]
[WhiteClock "0:00:41"]
[BlackClock "0:00:23"]
[Board "30"]

1. Nf3 Nf6 2. c4 g6 3. b3 Bg7 4. Bb2 O-O 5. g3 c6 6. Bg2 d5 7. O-O a5 8. Nc3 Na6 9. Rc1 dxc4 10. bxc4 Nc5 11. d3 Qc7 12. Ba3 b6 13. Bxc5 bxc5 14. Qa4 Bg4 15. Nd2 Rab8 16. Qxc6 Qxc6 17. Bxc6 Rb2 18. Nb3 Bxe2 19. Nxe2 Rxe2 20. a4 Rc8 21. Bb5 Rd8 22. Nxc5 Ng4 23. Nb7 Rb8 24. Nxa5 Bd4 25. Nc6 Bxf2+ 26. Rxf2 Nxf2 27. Nxb8 Nh3+ 28. Kf1 Rf2+ 29. Ke1 Rxh2 30. a5 1-0


[Site "https://www.chess.com"]

[Event "Titled Tuesday Blitz July 11 Early 2023"]
[White "Herman, Matthew"]
[Black "Donchenko, Alexander"]
[WhiteFideId "2028964"]
[BlackFideId "24603295"]
[WhiteElo "2488"]
[BlackElo "2876"]
[Result "0-1"]
[Round "1"]
[TimeControl "180+2"]
[Date "2023.07.11"]
[WhiteClock "0:00:00"]
[BlackClock "0:01:46"]
[Board "31"]

1. e4 c6 2. d4 d5 3. e5 Bf5 4. h4 h5 5. c4 e6 6. Nc3 dxc4 7. Bxc4 Nd7 8. Nge2 Be7 9. g3 Nh6 10. a3 a6 11. Bb3 c5 12. Bxh6 Rxh6 13. f4 Rg6 14. d5 Qb6 15. d6 Bd8 16. Bc2 Qxb2 17. Bxf5 exf5 18. Rb1 Qxa3 19. Rxb7 Ba5 20. Qd3 c4 21. Qxc4 Qa1+ 22. Kf2 Qxh1 23. Rxd7 Kxd7 24. Qxf7+ Kc6 25. Nd4+ Kc5 26. Nb3+ Kb4 0-1


[Site "https://www.chess.com"]

[Event "Titled Tuesday Blitz July 11 Early 2023"]
[White "Turski, Bartlomiej"]
[Black "Sliwicki, Damian"]
[WhiteFideId "21810567"]
[BlackFideId "1127128"]
[WhiteElo "2872"]
[BlackElo "2488"]
[Result "1-0"]
[Round "1"]
[TimeControl "180+2"]
[Date "2023.07.11"]
[WhiteClock "0:01:13"]
[BlackClock "0:00:33"]
[Board "32"]

1. e4 c5 2. Nf3 g6 3. c4 Nc6 4. d4 cxd4 5. Nxd4 Nf6 6. Nc3 Nxd4 7. Qxd4 d6 8. Be2 Bg7 9. Be3 O-O 10. Qd2 a5 11. O-O a4 12. Bd4 Qa5 13. Rad1 Be6 14. b3 axb3 15. axb3 Rfc8 16. f4 Bg4 17. e5 Bxe2 18. Qxe2 Nd7 19. Nd5 Re8 20. Qe3 e6 21. b4 Qa3 22. Rd3 Qa2 23. Nc7 dxe5 24. fxe5 Qxc4 25. Rc3 Qxb4 26. Nxa8 Rxa8 27. Rc7 Rd8 28. Qf2 Qf8 29. Rxb7 Bxe5 30. Rxd7 Bxh2+ 31. Kxh2 Rxd7 32. Qf6 Qh6+ 33. Kg1 e5 34. Qxe5 1-0


[Site "https://www.chess.com"]

[Event "Titled Tuesday Blitz July 11 Early 2023"]
[White "Camacho Collados, Marcos"]
[Black "Grandelius, Nils"]
[WhiteFideId "2266237"]
[BlackFideId "1710400"]
[WhiteElo "2486"]
[BlackElo "2870"]
[Result "0-1"]
[Round "1"]
[TimeControl "180+2"]
[Date "2023.07.11"]
[WhiteClock "0:00:00"]
[BlackClock "0:00:30"]
[Board "33"]

1. Nf3 d5 2. g3 Nc6 3. Bg2 e5 4. d3 f5 5. c4 dxc4 6. Qa4 Bd6 7. Qxc4 Nf6 8. O-O Qe7 9. Nc3 a6 10. h4 h6 11. Ne1 Nd4 12. Qa4+ Bd7 13. Qd1 Bc6 14. e3 Bxg2 15. Kxg2 Ne6 16. d4 O-O-O 17. Qa4 exd4 18. exd4 g5 19. Nf3 f4 20. Re1 Qd7 21. Qxd7+ Kxd7 22. Ne5+ Bxe5 23. dxe5 Nh5 24. Ne4 gxh4 25. g4 f3+ 26. Kxf3 Rdf8+ 27. Kg2 Nhf4+ 28. Bxf4 Rxf4 29. Rad1+ Ke7 30. Nf6 Rd4 31. Rxd4 Nxd4 32. Nd5+ Kd7 33. f4 h5 34. f5 hxg4 35. Nf6+ Ke7 36. Nd5+ Kf8 37. f6 Nf3 38. Rd1 h3+ 39. Kg3 h2 40. e6 h1=Q 41. e7+ Kf7 42. Rxh1 Rxh1 43. Nxc7 Re1 44. Kxg4 Ne5+ 45. Kf5 Nc4 46. b3 Nd6+ 47. Kg5 Rf1 48. Nd5 Rf5+ 0-1


[Site "https://www.chess.com"]

[Event "Titled Tuesday Blitz July 11 Early 2023"]
[White "Henriquez Villagra, Cristobal"]
[Black "Mindhunter08"]
[WhiteFideId "3409350"]
[WhiteElo "2866"]
[BlackElo "2486"]
[Result "1-0"]
[Round "1"]
[TimeControl "180+2"]
[Date "2023.07.11"]
[WhiteClock "0:01:32"]
[BlackClock "0:00:25"]
[Board "34"]

1. g3 d5 2. Bg2 e5 3. d3 Nc6 4. Nf3 g6 5. O-O Bg7 6. e4 dxe4 7. dxe4 Qxd1 8. Rxd1 Bg4 9. c3 Nf6 10. h3 Be6 11. Re1 O-O 12. b4 a6 13. Ng5 Bd7 14. Nd2 Rad8 15. a4 h6 16. Ngf3 Rfe8 17. Bf1 Bc8 18. b5 Na5 19. Ba3 Bf8 20. Bb4 b6 21. Bxa5 bxa5 22. bxa6 Bc5 23. Kg2 Nd7 24. Bb5 f6 25. Nb3 Bb6 26. c4 c5 27. Rad1 Re7 28. Rd6 Bc7 29. a7 Bb7 30. Rxd7 Rexd7 31. Bxd7 Rxd7 32. Nxc5 1-0


[Site "https://www.chess.com"]

[Event "Titled Tuesday Blitz July 11 Early 2023"]
[White "Kazakov, Mikhail"]
[Black "Galchenko, Matvey"]
[WhiteFideId "14102749"]
[BlackFideId "24175480"]
[WhiteElo "2485"]
[BlackElo "2862"]
[Result "0-1"]
[Round "1"]
[TimeControl "180+2"]
[Date "2023.07.11"]
[WhiteClock "0:00:00"]
[BlackClock "0:01:57"]
[Board "35"]

1. d4 Nf6 2. c4 c5 3. d5 e6 4. Nc3 exd5 5. cxd5 d6 6. e4 g6 7. f4 Bg7 8. Bb5+ Nfd7 9. a4 O-O 10. Nf3 Na6 11. O-O Nb4 12. Re1 a6 13. Bc4 Nb6 14. Bf1 Bg4 15. Rb1 Re8 16. h3 Bxf3 17. gxf3 Qh4 18. Qe2 Qg3+ 19. Kh1 Nd3 20. Be3 Nxe1 21. Rxe1 Bh6 22. e5 dxe5 23. Ne4 Qh4 24. Bf2 Qxf4 25. Bg3 Qf5 26. Nd6 Qd7 27. Nxe8 Rxe8 28. Qf2 Qxd5 0-1


[Site "https://www.chess.com"]

[Event "Titled Tuesday Blitz July 11 Early 2023"]
[White "Nguyen, Ngoc Truong Son"]
[Black "Namitbir Singh Walia"]
[WhiteFideId "12401110"]
[BlackFideId "35071068"]
[WhiteElo "2862"]
[BlackElo "2485"]
[Result "1-0"]
[Round "1"]
[TimeControl "180+2"]
[Date "2023.07.11"]
[WhiteClock "0:02:12"]
[BlackClock "0:01:12"]
[Board "36"]

1. e4 c5 2. Nf3 Nc6 3. Bb5 e5 4. Nc3 Bd6 5. d3 Nge7 6. Bc4 h6 7. a3 O-O 8. g4 Nd4 9. g5 hxg5 10. Nxg5 Ng6 11. Qh5 1-0


[Site "https://www.chess.com"]

[Event "Titled Tuesday Blitz July 11 Early 2023"]
[White "Kulkarni, Rakesh"]
[Black "Timofeev, Artyom"]
[WhiteFideId "5037077"]
[BlackFideId "4140419"]
[WhiteElo "2485"]
[BlackElo "2846"]
[Result "0-1"]
[Round "1"]
[TimeControl "180+2"]
[Date "2023.07.11"]
[WhiteClock "0:02:24"]
[BlackClock "0:02:14"]
[Board "37"]

1. e4 d6 2. d4 Nf6 3. Nc3 g6 4. f3 Bg7 5. Be3 c6 6. Qd2 b5 7. g4 b4 8. Nd1 a5 9. c3 Na6 10. Ne2 c5 11. g5 Nd7 12. h4 bxc3 13. Ndxc3 Bb7 14. h5 Nb4 15. a3 Nc6 16. O-O-O cxd4 17. Nxd4 Nc5 18. Bb5 Bxd4 19. Bxd4 Nb3+ 0-1


[Site "https://www.chess.com"]

[Event "Titled Tuesday Blitz July 11 Early 2023"]
[White "Maksimovic, Bojan"]
[Black "lagarto93"]
[WhiteFideId "14408120"]
[WhiteElo "2844"]
[BlackElo "2485"]
[Result "1-0"]
[Round "1"]
[TimeControl "180+2"]
[Date "2023.07.11"]
[WhiteClock "0:00:50"]
[BlackClock "0:00:50"]
[Board "38"]

1. Nf3 Nf6 2. g3 b6 3. Bg2 Bb7 4. O-O e6 5. d3 Be7 6. Nbd2 O-O 7. e4 c5 8. Re1 Nc6 9. c3 d6 10. a3 Nd7 11. b4 Qc7 12. Bb2 Nde5 13. b5 Nxf3+ 14. Bxf3 Ne5 15. Be2 d5 16. d4 cxd4 17. cxd4 Ng6 18. e5 f6 19. Bd3 fxe5 20. Bxg6 hxg6 21. Rxe5 Rf6 22. Rc1 Qd7 23. Qe2 Bd6 24. Re3 Raf8 25. f4 Qe7 26. Nf3 Bc8 27. a4 Bd7 28. Ng5 Bxf4 29. gxf4 Rxf4 30. Nf3 g5 31. Ba3 Qf6 32. Bxf8 Kxf8 33. Ne5 Be8 34. Rf1 Qf5 35. Ref3 Ke7 36. Rxf4 gxf4 37. Qf2 g5 38. Qf3 Qc2 39. Qa3+ Kf6 40. Qf8+ 1-0


[Site "https://www.chess.com"]

[Event "Titled Tuesday Blitz July 11 Early 2023"]
[White "Shishkov, Andrei"]
[Black "Molina, Roberto Junio Brito"]
[WhiteFideId "4500563"]
[BlackFideId "2109450"]
[WhiteElo "2483"]
[BlackElo "2841"]
[Result "0-1"]
[Round "1"]
[TimeControl "180+2"]
[Date "2023.07.11"]
[WhiteClock "0:00:00"]
[BlackClock "0:00:38"]
[Board "39"]

1. d4 d5 2. c4 c6 3. e3 Bf5 4. Nc3 e6 5. Nf3 Nd7 6. Be2 h6 7. O-O Ngf6 8. b3 Bd6 9. Bb2 O-O 10. h3 Qe7 11. Rc1 Rad8 12. Bd3 Bxd3 13. Qxd3 dxc4 14. Qxc4 e5 15. Rfe1 Rfe8 16. dxe5 Nxe5 17. Nxe5 Qxe5 18. f4 Qf5 19. Rcd1 Bc7 20. Rxd8 Rxd8 21. Rd1 Rxd1+ 22. Nxd1 Qb1 23. Qc1 Qxa2 24. Bxf6 gxf6 25. Qc3 Qe2 26. Nf2 f5 27. g4 Bb6 28. Kg2 Bxe3 0-1


[Site "https://www.chess.com"]

[Event "Titled Tuesday Blitz July 11 Early 2023"]
[White "Llorente Zaro, Alfonso"]
[Black "Belov, Alexei"]
[WhiteFideId "2254131"]
[BlackFideId "4128206"]
[WhiteElo "2840"]
[BlackElo "2482"]
[Result "1-0"]
[Round "1"]
[TimeControl "180+2"]
[Date "2023.07.11"]
[WhiteClock "0:01:39"]
[BlackClock "0:00:31"]
[Board "40"]

1. e4 e6 2. d4 d5 3. Nc3 Nf6 4. Bg5 dxe4 5. Nxe4 Be7 6. Bxf6 Bxf6 7. Nf3 O-O 8. Bd3 Bxd4 9. Nxd4 Qxd4 10. O-O Nc6 11. Ng5 g6 12. Nf3 Qxb2 13. Rb1 Qf6 14. Be4 Rd8 15. Qe2 Na5 16. Rb5 Qc3 17. Qe1 Qxe1 18. Rxe1 Nc4 19. Bxb7 Rb8 20. Bc6 Rxb5 21. Bxb5 Nb6 22. Ne5 Rd2 23. Bd3 c5 24. Nf3 Rxd3 25. cxd3 Ba6 26. Rc1 Bxd3 27. Rxc5 Bc4 28. a3 Kg7 29. Rc7 Kf6 30. Rxa7 Bd5 31. h4 h6 32. a4 e5 33. Ra6 1-0


[Site "https://www.chess.com"]

[Event "Titled Tuesday Blitz July 11 Early 2023"]
[White "marik_spb"]
[Black "Beerdsen, Thomas"]
[BlackFideId "1030108"]
[WhiteElo "2482"]
[BlackElo "2840"]
[Result "1-0"]
[Round "1"]
[TimeControl "180+2"]
[Date "2023.07.11"]
[WhiteClock "0:00:09"]
[BlackClock "0:00:35"]
[Board "41"]

1. e3 g5 2. d4 Bg7 3. c4 c5 4. Nc3 cxd4 5. exd4 h6 6. h4 gxh4 7. Nf3 d6 8. Bd3 Nc6 9. Be3 Bg4 10. Rxh4 h5 11. d5 Ne5 12. Qa4+ Bd7 13. Qc2 Nxd3+ 14. Qxd3 Qa5 15. Bd4 Nf6 16. O-O-O O-O-O 17. Kb1 e5 18. dxe6 Bxe6 19. Rf4 Ne8 20. Bxg7 Nxg7 21. Nb5 Kb8 22. Qd4 Nf5 23. Qf6 a6 24. Nbd4 Nxd4 25. Rfxd4 Rhg8 26. g3 Rc8 27. b3 Ka8 28. Rxd6 Rg6 29. Qf4 Bf5+ 30. Kb2 Be6 31. Ne5 Rgg8 32. Nd7 Rg4 33. Nb6+ Kb8 34. Qe3 Rgg8 35. Nxc8 Rxc8 36. f4 Ka8 37. Qe5 Qc7 38. Rd8 Ka7 39. Qxc7 Rxc7 40. Rh8 Rc5 41. Rd4 b5 42. cxb5 axb5 43. Rdd8 Kb7 44. Rb8+ Kc7 45. Ra8 Kd6 46. Rad8+ Ke7 47. Rd3 Kf6 48. Rc3 Rd5 49. Rb8 Rd2+ 50. Rc2 Rd5 51. a4 bxa4 52. bxa4 Rd3 53. Rc3 Rd2+ 54. Kc1 Ra2 55. Rb4 Bf5 56. Rc6+ Be6 57. Kb1 Rg2 58. a5 Rxg3 59. Ra4 Ke7 60. a6 Bd7 61. Rc7 Rg8 62. a7 Ra8 63. Ra5 Kd6 64. Rb7 Kc6 65. Rb8 Rxa7 66. Rxa7 Be6 67. Ra6+ Kd5 68. Rxe6 Kxe6 69. Kc2 Kf5 70. Rf8 f6 71. Kd3 h4 72. Ke3 Kg4 73. Rxf6 h3 74. Rh6 Kg3 75. f5 h2 76. f6 h1=Q 77. Rxh1 Kg2 78. Rh4 1-0


[Site "https://www.chess.com"]

[Event "Titled Tuesday Blitz July 11 Early 2023"]
[White "Kravtsiv, Martyn"]
[Black "Novikov, Evgenij"]
[WhiteFideId "14113147"]
[BlackFideId "4125380"]
[WhiteElo "2834"]
[BlackElo "2481"]
[Result "1/2-1/2"]
[Round "1"]
[TimeControl "180+2"]
[Date "2023.07.11"]
[WhiteClock "0:00:10"]
[BlackClock "0:00:05"]
[Board "42"]

1. e4 c6 2. Nf3 d5 3. d3 Bg4 4. h3 Bxf3 5. Qxf3 e6 6. g3 Nf6 7. Bg2 Be7 8. O-O O-O 9. Qe2 dxe4 10. dxe4 e5 11. Nd2 Na6 12. Nc4 Qc7 13. b3 b5 14. Ne3 Rfe8 15. Nf5 Bf8 16. Bg5 Nd7 17. Rad1 Nac5 18. h4 h6 19. Bc1 Ne6 20. Bh3 Rad8 21. Kh2 Nf6 22. f3 Rxd1 23. Rxd1 Rd8 24. Bb2 Rxd1 25. Qxd1 Qd7 26. Qxd7 Nxd7 27. Ne3 Bc5 28. Bxe6 fxe6 29. Ng4 Bd4 30. c3 Bc5 31. Kg2 h5 32. Nh2 Kf7 33. Nf1 a5 34. Bc1 Nb6 35. g4 g6 36. Ng3 hxg4 37. fxg4 a4 38. Kf3 axb3 39. axb3 b4 40. c4 Bd4 41. Bd2 c5 42. h5 gxh5 43. gxh5 Nd7 44. Bg5 Nb6 45. Kg4 Bf2 46. Nf1 Bd4 47. Nd2 Nc8 48. Bd8 Nd6 49. Bc7 Ne8 50. Bd8 Nd6 51. Kf3 Bc3 52. Nf1 Nxc4 53. Bc7 Na3 54. Kg4 c4 55. bxc4 b3 56. h6 b2 57. h7 Kg7 58. Nd2 b1=Q 59. Nxb1 Nxb1 60. c5 Na3 61. c6 Nb5 62. Bd8 Kxh7 63. Kg5 Kg7 64. c7 Nxc7 65. Bxc7 Bd4 66. Kg4 Kg6 67. Kf3 Kg5 68. Bd8+ Kg6 69. Be7 Kf7 70. Bd6 Kf6 71. Kg4 Kg6 72. Be7 Kf7 73. Bh4 Ke8 74. Bg3 Kd7 75. Kg5 Kd6 76. Kf6 Bc3 77. Bf2 Bd4 78. Be1 Bb2 79. Bb4+ Kc6 80. Kxe6 Kc7 81. Bd6+ Kd8 82. Bxe5 Bxe5 83. Kxe5 Ke7 84. Kd5 Kd7 85. Ke5 Ke7 86. Kd5 Kd7 87. e5 Ke7 88. e6 Ke8 89. Kc6 Ke7 90. Kd5 Ke8 91. Kd6 Kd8 92. e7+ Ke8 93. Kc7 Kxe7 1/2-1/2


[Site "https://www.chess.com"]

[Event "Titled Tuesday Blitz July 11 Early 2023"]
[White "Akylbek2021"]
[Black "Sattarov, Bobir"]
[BlackFideId "14203081"]
[WhiteElo "2480"]
[BlackElo "2833"]
[Result "0-1"]
[Round "1"]
[TimeControl "180+2"]
[Date "2023.07.11"]
[WhiteClock "0:00:00"]
[BlackClock "0:00:29"]
[Board "43"]

1. e4 e5 2. Nf3 Nc6 3. Bb5 a6 4. Bxc6 dxc6 5. d4 exd4 6. Qxd4 Qxd4 7. Nxd4 c5 8. Ne2 Bd6 9. Nbc3 Ne7 10. Bf4 Be6 11. O-O-O O-O-O 12. Bxd6 cxd6 13. Nf4 Rhe8 14. Nh5 Bg4 15. Nxg7 Rg8 16. f3 Rxg7 17. fxg4 Rxg4 18. g3 f5 19. Rhe1 f4 20. gxf4 Rxf4 21. Rg1 Ng6 22. b3 b5 23. Rge1 Ne5 24. a4 b4 25. Nd5 Rf2 26. Rf1 Rdf8 27. Ne7+ Kc7 28. Rxf2 Rxf2 29. Nf5 c4 30. Nxd6 c3 31. Nf5 Rxh2 32. a5 h5 33. Ne3 Kc6 34. Nd5 Kc5 35. Ne3 Ng4 36. Nc4 h4 37. Rd5+ Kc6 38. Kb1 h3 39. Rd6+ Kc7 40. Rg6 Rg2 41. Rg7+ Kd8 42. Nd6 h2 43. Nb7+ Ke8 44. Nd6+ Kf8 45. Rf7+ Kg8 0-1


[Site "https://www.chess.com"]

[Event "Titled Tuesday Blitz July 11 Early 2023"]
[White "Pakleza, Zbigniew"]
[Black "Jovic, Stanoje"]
[WhiteFideId "1119290"]
[BlackFideId "905020"]
[WhiteElo "2828"]
[BlackElo "2479"]
[Result "1-0"]
[Round "1"]
[TimeControl "180+2"]
[Date "2023.07.11"]
[WhiteClock "0:02:12"]
[BlackClock "0:00:00"]
[Board "44"]

1. d4 Nf6 2. Nf3 e6 3. Bf4 d5 4. e3 Bd6 5. Bg3 O-O 6. Nbd2 b6 7. c3 c5 8. Ne5 Bxe5 9. dxe5 Ne4 10. Nxe4 dxe4 11. Qg4 Bb7 12. Bh4 f5 13. exf6 Rxf6 14. Rd1 Qe7 15. Bc4 Bd5 16. Rxd5 1-0


[Site "https://www.chess.com"]

[Event "Titled Tuesday Blitz July 11 Early 2023"]
[White "Fernandez Lopez, Ruben"]
[Black "Kantor, Gergely"]
[WhiteFideId "24518298"]
[BlackFideId "751499"]
[WhiteElo "2476"]
[BlackElo "2821"]
[Result "0-1"]
[Round "1"]
[TimeControl "180+2"]
[Date "2023.07.11"]
[WhiteClock "0:01:40"]
[BlackClock "0:01:12"]
[Board "45"]

1. e4 e6 2. d4 d5 3. e5 b6 4. Nf3 Qd7 5. Bd3 Ba6 6. O-O Bxd3 7. Qxd3 Ne7 8. c3 c5 9. Nbd2 Nbc6 10. Re1 Ng6 11. Nf1 Be7 12. Ng3 Rc8 13. a3 Na5 14. Nh5 O-O 15. Qe3 Nc4 16. Qe2 b5 17. dxc5 Bxc5 18. Ng5 Ncxe5 19. Nf4 Nxf4 20. Bxf4 Ng6 21. Bd2 h6 22. Nf3 a6 23. Be3 Bxe3 24. Qxe3 Rc4 25. Nd2 Rc7 26. Nb3 Rfc8 27. a4 bxa4 28. Nd4 Rc4 29. Ra2 Rb8 30. Rea1 Kh7 31. h3 Qd6 32. Qd2 Qf4 33. Qe2 Qg5 34. Qc2 Qf6 35. Rxa4 Qxd4 36. Qxg6+ Kxg6 37. cxd4 Rxa4 38. Rxa4 Rxb2 39. Rxa6 Rb4 40. Kf1 Rxd4 41. Ke2 Rb4 42. Ke3 Rb3+ 43. Kf4 Kf6 44. g4 g5# 0-1


[Site "https://www.chess.com"]

[Event "Titled Tuesday Blitz July 11 Early 2023"]
[White "Krzyzanowski, Marcin"]
[Black "Bettalli, Francesco"]
[WhiteFideId "1132199"]
[BlackFideId "2816453"]
[WhiteElo "2819"]
[BlackElo "2475"]
[Result "0-1"]
[Round "1"]
[TimeControl "180+2"]
[Date "2023.07.11"]
[WhiteClock "0:00:00"]
[BlackClock "0:00:40"]
[Board "46"]

1. e4 e5 2. Nf3 Nf6 3. Nc3 Bc5 4. Bc4 d6 5. d3 O-O 6. Be3 Bb6 7. Qd2 c6 8. Bg5 Nbd7 9. O-O-O Re8 10. g4 Nf8 11. Rdg1 h6 12. Bh4 Ng6 13. g5 Nxh4 14. Nxh4 Nh5 15. g6 d5 16. gxf7+ Kxf7 17. exd5 Qxh4 18. dxc6+ Be6 19. cxb7 Rad8 20. Bxe6+ Rxe6 21. Kb1 Nf6 22. Rg3 Qf4 23. Qd1 e4 24. Rhg1 g5 25. Nxe4 Rxe4 26. Rf3 Qe5 27. Rxf6+ Kxf6 28. Qf3+ Rf4 29. Qh5 Kg7 30. h4 Bxf2 31. hxg5 Bxg1 32. Qxh6+ Kf7 33. g6+ Ke7 34. a3 Bd4 35. Qh7+ Qg7 36. Qh2 Rf1+ 37. Ka2 Qe5 38. Qh4+ Kd7 39. Qh3+ Kc7 40. Qxf1 Kxb7 41. c3 Bxc3 42. bxc3 Qxc3 43. Qf7+ Qc7 44. Qf3+ Qc6 45. Qf7+ Ka6 46. g7 Qc2+ 47. Ka1 Qc3+ 48. Ka2 Qd2+ 49. Ka1 Qe1+ 50. Ka2 Qe8 51. Qf6+ Kb7 52. Qf3+ Kc7 53. Qf4+ Kd7 0-1


[Site "https://www.chess.com"]